AoeStats
← Erick14mar

Arena

508149314Analyzed
3v3 RM · 12d ago on Sep 21, 2026· 62m 12s· 6 players
Game mode
Random Map
Map size
Normal (6 player)
Population
200
Speed
Normal
Resources
Standard
Victory
Conquest
Starting age
Dark Age
Ending age
Imperial Age
RankedLock teamsTeams togetherTeam positionsShared explorationLock speedFull tech treeHidden civsTurbo modeCheats
Victory
Defeat
🇲🇽 Cumans · Mexico
1344
+14
🇲🇽 Romans · Mexico
1304
+15
🇲🇽 Malay · Mexico
1218
+19
🇵🇪 Poles · Peru
1317
-17
🇪🇸 Khmer · Spain
1287
-16
🇲🇽 Teutons · Mexico
1269
-15
KRAIKTON
10:11 Feudal Age
13:24 Castle Age
12:08 Double-Bit Axe
12:31 Horse Collar
14:35 Bow Saw
18:19 Gold Mining
32:36 Wheelbarrow
32:03 Heavy Plow
35:27 Hand Cart
36:23 Gold Shaft Mining
35:38 Stone Mining
36:51 Loom
36:51 Town Watch
42:28 Bloodlines
42:18 Husbandry
48:17 Imperial Age
47:39 Forging
47:42 Scale Barding Armor
49:39 Crop Rotation
48:35 Elite Battle Elephant
49:53 Chain Barding Armor
50:57 Iron Casting
51:36 Plate Barding Armor
52:27 Siege Engineers
53:23 Chemistry
52:44 Ballistics
52:34 Heavy Scorpion
52:35 Onager
53:45 Conscription
55:38 Hoardings
Exori
12:50 Feudal Age
12:52 Man-at-Arms
19:45 Castle Age
17:44 Double-Bit Axe
18:26 Horse Collar
19:47 Scale Mail Armor
19:46 Long Swordsman
20:29 Squires
22:48 Forging
22:33 Gambesons
22:37 Loom
23:41 Chain Mail Armor
26:00 Arson
30:06 Wheelbarrow
29:49 Heavy Plow
29:41 Gold Mining
30:35 Iron Casting
32:14 Hand Cart
37:28 Imperial Age
37:31 Capped Ram
39:40 Plate Mail Armor
40:20 Town Watch
43:23 Blast Furnace
42:47 Conscription
43:39 Fletching
46:24 Bodkin Arrow
47:39 Pikeman
49:37 Halberdier
52:50 Two-Handed Swordsman
54:38 Bow Saw
57:42 Scale Barding Armor
58:41 Bloodlines
Erick14mar
6:20 Loom
8:35 Feudal Age
10:17 Double-Bit Axe
13:12 Horse Collar
20:54 Castle Age
19:29 Gold Mining
19:34 Fletching
20:47 Wheelbarrow
20:51 Scale Mail Armor
21:46 Bodkin Arrow
22:44 Heavy Plow
24:20 Husbandry
24:31 Bloodlines
29:52 Imperial Age
29:05 Szlachta Privileges
29:28 Scale Barding Armor
29:33 Forging
30:39 Chain Barding Armor
30:15 Sappers
31:48 Cavalier
33:46 Iron Casting
34:59 Hand Cart
36:14 Blast Furnace
36:49 Bracer
36:15 Light Cavalry
38:13 Padded Archer Armor
39:58 Leather Archer Armor
41:11 Bow Saw
43:13 Chain Mail Armor
43:44 Winged Hussar
45:01 Onager
46:51 Fortified Wall
46:33 Town Watch
47:40 Plate Mail Armor
47:27 Capped Ram
48:30 Ballistics
49:21 Conscription
49:36 Hoardings
51:08 Lechitic Legacy
51:04 Town Patrol
52:29 Crossbowman
53:15 Thumb Ring
53:11 Arbalester
55:29 Crop Rotation
58:00 Chemistry
59:14 Pikeman
59:54 Squires
59:40 Arson
59:53 Elite Obuch
NefTaLo
10:33 Feudal Age
11:40 Double-Bit Axe
12:37 Loom
12:55 Scale Mail Armor
13:06 Forging
12:39 Horse Collar
13:57 Arson
16:47 Wheelbarrow
18:00 Fletching
18:10 Padded Archer Armor
23:32 Scale Barding Armor
31:25 Gold Mining
31:30 Stone Mining
32:31 Town Watch
40:14 Castle Age
40:11 Bloodlines
41:27 Hand Cart
41:22 Bow Saw
41:14 Heavy Plow
41:44 Chain Barding Armor
42:00 Iron Casting
47:19 Pikeman
48:00 Squires
48:57 Elite Skirmisher
49:43 Thumb Ring
49:55 Chain Mail Armor
51:06 Gold Shaft Mining
57:11 Imperial Age
54:42 Town Patrol
54:40 Bodkin Arrow
55:01 Leather Archer Armor
56:24 Ballistics
57:21 Halberdier
58:32 Plate Mail Armor
59:03 Blast Furnace
58:35 Ring Archer Armor
58:41 Plate Barding Armor
59:33 Light Cavalry
61:24 Chemistry
60:00 Capped Ram
61:35 Siege Ram
PapuKong
5:00 Loom
9:08 Loom
11:03 Feudal Age
14:40 Double-Bit Axe
20:19 Castle Age
18:31 Fletching
20:38 Bow Saw
24:41 Bodkin Arrow
29:51 Imperial Age
27:19 Horse Collar
29:29 Town Watch
31:05 Wheelbarrow
32:38 Forging
33:18 Husbandry
33:34 Elite Battle Elephant
34:23 Scale Barding Armor
34:39 Hand Cart
35:53 Iron Casting
36:37 Heavy Plow
38:18 Crop Rotation
39:30 Blast Furnace
39:17 Conscription
49:18 Town Patrol
50:38 Gold Mining
50:41 Stone Mining
51:33 Coinage
52:17 Gold Shaft Mining
52:18 Stone Shaft Mining
53:22 Caravan
56:47 Light Cavalry
59:48 Chemistry
Lancelot
10:47 Feudal Age
12:37 Loom
15:26 Castle Age
14:03 Double-Bit Axe
14:27 Horse Collar
15:36 Scale Mail Armor
15:12 Man-at-Arms
18:53 Long Swordsman
23:17 Wheelbarrow
23:06 Chain Mail Armor
23:30 Bow Saw
24:33 Forging
24:42 Squires
26:16 Heavy Plow
36:00 Imperial Age
35:07 Iron Casting
37:04 Conscription
37:27 Legionary
38:57 Gold Mining
38:58 Stone Mining
40:10 Crop Rotation
40:08 Ballistas
40:23 Hand Cart
42:05 Heavy Scorpion
42:31 Pikeman
45:12 Ballistics
45:56 Capped Ram
48:10 Chemistry
50:57 Blast Furnace
50:02 Town Watch
52:35 Siege Ram
53:36 Fletching
55:05 Murder Holes
55:07 Bodkin Arrow
55:14 Halberdier
58:07 Town Patrol
58:09 Padded Archer Armor
58:22 Masonry
60:25 Leather Archer Armor
60:24 Bloodlines
61:23 Gold Shaft Mining
62:09 Comitatenses
Connection lost

Rejoining the realm…

Still unreachable

The connection could not be restored.

Session expired

The server has moved on; the page needs a fresh start.